AoeStats
← Ana Catalina

Lombardia

508688258Analyzed
4v4 RM · 8d ago on Sep 23, 2026· 71m 20s· 8 players
Game mode
Random Map
Map size
Large (8 player)
Population
200
Speed
Normal
Resources
Standard
Victory
Conquest
Starting age
Dark Age
Ending age
Imperial Age
RankedLock teamsTeams togetherTeam positionsShared explorationLock speedFull tech treeHidden civsTurbo modeCheats
Victory
Defeat
🇺🇸 Bengalis · United States
799
+15
🇬🇧 Teutons · United Kingdom
759
+16
🇨🇴 Lithuanians · Colombia
748
+17
🇺🇸 Saxons · United States
734
+17
🇧🇷 Khmer · Brazil
873
-57
🇩🇪 Varangians · Germany
777
-17
🇧🇪 Persians · Belgium
751
-16
🇧🇷 Franks · Brazil
652
-12
kevinfz101006xr
10:28 Feudal Age
13:42 Loom
16:43 Castle Age
15:15 Double-Bit Axe
21:51 Fletching
23:22 Horse Collar
28:19 Bow Saw
28:17 Heavy Plow
29:09 Bodkin Arrow
31:40 Stone Mining
32:38 Padded Archer Armor
43:13 Husbandry
43:24 Bloodlines
46:44 Caravan
48:28 Bow Saw
50:17 Leather Archer Armor
53:03 Imperial Age
55:04 Siege Elephant
56:22 Bracer
56:53 Ring Archer Armor
56:24 Scale Mail Armor
56:16 Pikeman
56:56 Squires
56:42 Gambesons
56:42 Arson
57:20 Halberdier
59:26 Wheelbarrow
59:23 Crop Rotation
58:42 Elite Elephant Archer
61:16 Chemistry
60:37 Ballistics
60:23 Siege Engineers
61:54 Chain Mail Armor
61:50 Forging
Bozorix
0:34 Loom
11:09 Feudal Age
11:42 Double-Bit Axe
11:38 Horse Collar
11:53 Gold Mining
15:40 Wheelbarrow
19:07 Stone Mining
19:57 Town Watch
23:10 Castle Age
21:50 Fletching
22:13 Scale Mail Armor
24:04 Bow Saw
24:06 Heavy Plow
26:33 Fortified Wall
28:34 Bodkin Arrow
28:52 Masonry
28:59 Forging
28:52 Squires
28:14 Pikeman
30:07 Fervor
30:33 Chain Mail Armor
32:34 Iron Casting
32:28 Caravan
33:53 Ballistics
36:41 Stone Shaft Mining
36:29 Hand Cart
41:25 Imperial Age
40:50 Guard Tower
42:09 Town Patrol
42:44 Crop Rotation
43:18 Two-Man Saw
42:51 Plate Mail Armor
43:22 Blast Furnace
45:02 Guilds
44:38 Halberdier
45:06 Arson
47:01 Sanctity
47:09 Conscription
48:11 Chemistry
46:57 Arrowslits
47:19 Siege Engineers
48:14 Padded Archer Armor
49:05 Crenellations
52:56 Keep
54:18 Hoardings
58:19 Elite Teutonic Knight
65:03 Bombard Tower
65:25 Leather Archer Armor
69:31 Ring Archer Armor
Fulgur
5:00 Loom
11:05 Feudal Age
20:54 Forging
24:12 Castle Age
23:36 Scale Barding Armor
25:40 Wheelbarrow
24:54 Double-Bit Axe
24:55 Light Cavalry
25:46 Bloodlines
25:37 Husbandry
26:17 Iron Casting
33:12 Imperial Age
30:58 Hand Cart
30:30 Town Watch
32:05 Chain Barding Armor
36:23 Plate Barding Armor
36:39 Conscription
38:25 Bow Saw
40:18 Winged Hussar
44:53 Pikeman
45:36 Squires
45:01 Cavalier
46:13 Halberdier
47:00 Town Patrol
48:24 Elite Leitis
50:44 Scale Mail Armor
53:48 Chain Mail Armor
54:23 Ballistics
53:45 Treadmill Crane
54:16 Masonry
54:18 Capped Ram
59:29 Paladin
Raidho
0:30 Loom
13:48 Feudal Age
15:19 Wheelbarrow
14:32 Double-Bit Axe
14:40 Stone Mining
14:40 Gold Mining
15:16 Horse Collar
15:29 Gold Mining
15:27 Arson
16:34 Scale Mail Armor
18:01 Forging
20:18 Town Watch
22:40 Fletching
23:13 Bloodlines
27:58 Castle Age
27:34 Scale Barding Armor
29:12 Hand Cart
29:10 Bow Saw
29:01 Heavy Plow
29:38 Gold Shaft Mining
29:58 Squires
29:44 Gambesons
29:23 Light Cavalry
30:40 Devotion
31:32 Husbandry
34:02 Chain Mail Armor
34:39 Caravan
35:11 Fortified Wall
34:57 Murder Holes
34:44 Treadmill Crane
36:25 Town Patrol
37:35 Iron Casting
37:30 Murder Holes
37:45 Masonry
37:56 Ballistics
38:56 Herbal Medicine
44:17 Imperial Age
42:29 Coinage
42:13 Masonry
42:33 Clerical Recruitment
45:19 Capped Ram
46:01 Elite Hearth Troop
46:02 Shield Wall
47:03 Conscription
47:19 Hoardings
47:17 Architecture
47:48 Chemistry
46:18 Siege Ram
47:41 Elite Varangian Guard
50:10 Siege Engineers
50:38 Guilds
50:59 Banking
51:06 Crop Rotation
51:37 Two-Man Saw
51:10 Arrowslits
53:11 Plate Mail Armor
52:37 Bodkin Arrow
57:20 Faith
57:05 Bracer
57:26 Chain Barding Armor
57:44 Cavalier
59:14 Sappers
60:02 Padded Archer Armor
59:27 Man-at-Arms
59:27 Pikeman
61:45 Guard Tower
62:20 Leather Archer Armor
66:34 Halberdier
66:34 Long Swordsman
67:52 Ring Archer Armor
68:00 Keep
69:44 Careening
69:55 Shipwright
69:40 Siphons
69:28 Heated Shot
70:26 Block Printing
70:37 Illumination
70:32 Sanctity
70:24 Redemption
Hymoteptep
7:44 Loom
12:00 Feudal Age
16:28 Castle Age
15:53 Gold Mining
16:03 Double-Bit Axe
25:46 Wheelbarrow
25:43 Horse Collar
26:19 Bow Saw
26:54 Heavy Plow
27:40 Hand Cart
27:11 Town Watch
33:04 Husbandry
33:38 Forging
33:34 Scale Barding Armor
38:32 Imperial Age
37:03 Gold Shaft Mining
36:32 Stone Mining
37:21 Iron Casting
37:09 Chain Barding Armor
37:53 Caravan
39:04 Cavalier
40:55 Blast Furnace
40:36 Plate Barding Armor
41:12 Two-Man Saw
40:55 Crop Rotation
41:06 Savar
48:58 Bloodlines
56:19 Conscription
55:29 Elite War Elephant
60:26 Kamandaran
60:40 Citadels
gurizão do mixbr
11:20 Feudal Age
13:08 Wheelbarrow
12:18 Town Watch
12:26 Double-Bit Axe
16:38 Stone Mining
21:38 Castle Age
19:52 Scale Barding Armor
22:25 Gold Mining
22:29 Loom
23:27 Hand Cart
23:41 Hand Cart
23:29 Town Patrol
23:43 Bow Saw
25:41 Husbandry
27:43 Gold Shaft Mining
29:38 Light Cavalry
32:40 Chain Barding Armor
32:31 Forging
38:55 Imperial Age
45:45 Cavalier
48:21 Cavalier
55:33 Paladin
60:22 Chemistry
59:43 Ballistics
59:14 Guard Tower
59:35 Masonry
58:53 Paladin
60:11 Plate Barding Armor
60:54 Arrowslits
demishasler
7:56 Feudal Age
17:58 Wheelbarrow
19:58 Double-Bit Axe
20:08 Stone Mining
20:09 Gold Mining
23:43 Bloodlines
35:01 Castle Age
36:14 Hand Cart
53:56 Bow Saw
56:48 Imperial Age
58:12 Siphons
58:00 Guard Tower
58:32 Ballistics
59:16 Chemistry
58:50 Fletching
59:05 Padded Archer Armor
59:05 Scale Mail Armor
61:50 Gold Shaft Mining
61:31 Town Watch
62:13 Bodkin Arrow
Ana Catalina
0:32 Loom
12:43 Feudal Age
13:15 Double-Bit Axe
13:13 Horse Collar
21:02 Castle Age
22:01 Pikeman
25:37 Gold Mining
25:39 Stone Mining
26:28 Bow Saw
26:32 Forging
27:01 Town Watch
39:18 Imperial Age
37:28 Fortified Wall
40:38 Ballistics
41:15 Cranequins
42:19 Elite Varangian Guard
46:33 Fletching
46:43 Padded Archer Armor
46:45 Scale Mail Armor
47:26 Gothikon
53:32 Elite Jarl
56:46 Arson
57:02 Squires
60:50 Chemistry
62:13 Heavy Mounted Crossbowman
Connection lost

Rejoining the realm…

Still unreachable

The connection could not be restored.

Session expired

The server has moved on; the page needs a fresh start.